 Dungeon Crawl Stone Soup version 0.26.0-10-g1f06aea511 (webtiles) character file.

Game seed: 11577551597618447375

118 Dracia the Ducker (level 5, -1/43 HPs)
             Began as a Gnoll Wanderer on Jan 14, 2021.
             Killed by divine providence
             ... invoked by an orc priest
              (13 damage)
             ... on level 3 of the Dungeon.
             The game lasted 00:02:56 (1720 turns).

Dracia the Ducker (Gnoll Wanderer)                  Turns: 1720, Time: 00:02:57

Health: -1/43      AC:  4    Str: 15    XL:     5   Next: 2%
Magic:  6/6        EV: 10    Int: 22    God:
Gold:   168        SH:  0    Dex: 13    Spells: 6/6 levels left

rFire    . . .     SeeInvis .   a - +2 short sword
rCold    . . .     Faith    .   (no shield)
rNeg     . . .     Spirit   .   d - +0 leather armour
rPois    .         Reflect  .   j - +0 hat
rElec    .         Harm     .   m - +0 cloak
rCorr    .         Rampage  .   (no gloves)
Will     .....                  (no boots)
Stlth    ++........             (no amulet)
HPRegen  0.14/turn              i - -4 ring of evasion (curse)
MPRegen  0.10/turn              I - +6 ring of intelligence

@: no status effects
A: distributed training, fangs 1, strong nose
a: no special abilities


You were on level 3 of the Dungeon.
You visited 1 branch of the dungeon, and saw 3 of its levels.

You collected 168 gold pieces.


Innate Abilities, Weirdness & Mutations

Your experience applies equally to all skills.
You have very sharp teeth.
Your uncanny sense of smell can sniff out nearby items.


   Skills:
 + Level 4.7 Fighting
 + Level 4.7 Short Blades
 + Level 1.3 Long Blades
 + Level 1.3 Axes
 + Level 1.3 Maces & Flails
 + Level 1.3 Polearms
 + Level 1.3 Staves
 + Level 1.3 Slings
 + Level 1.3 Bows
 + Level 2.8 Crossbows
 + Level 2.8 Throwing
 + Level 1.3 Armour
 + Level 4.7 Dodging
 + Level 2.6 Stealth
 + Level 2.8 Shields
 + Level 1.3 Unarmed Combat
 + Level 1.3 Spellcasting
 + Level 1.0 Conjurations
 + Level 1.0 Hexes
 + Level 1.0 Summonings
 + Level 1.0 Necromancy
 + Level 1.0 Translocations
 + Level 1.0 Transmutations
 + Level 1.0 Fire Magic
 + Level 1.0 Ice Magic
 + Level 1.0 Air Magic
 + Level 1.0 Earth Magic
 + Level 1.0 Poison Magic
 + Level 1.4 Invocations
 + Level 1.3 Evocations


You had 6 spell levels left.
You didn't know any spells.
Your spell library was empty.

Inventory:

Hand Weapons
 a - a +2 short sword (weapon)
Armour
 c - a +0 robe
 d - a +0 leather armour (worn)
 j - a +0 hat (worn)
 m - a +0 cloak (worn)
Jewellery
 i - a cursed -4 ring of evasion (left hand)
 F - an uncursed ring of protection from fire
 I - a +6 ring of intelligence (right hand)
Scrolls
 f - 4 scrolls of identify {@r1@r1}
 k - a scroll of remove curse {unknown}
Potions
 b - 2 potions of curing {@q1@q1}
 e - 2 potions of mutation
 g - 2 potions of attraction {unknown}
 h - 2 potions of berserk rage {unknown}
 l - a potion of brilliance {unknown}

Dungeon Overview and Level Annotations

Branches:
Dungeon (3/15)

Altars:

...# #.# ...#
#.....#####.### ...#
#.....+.....).# ...#
#.....#####.#.#
.#.#####.....# #.#.#
.#.....#.....# #.#.#
.#..##.#.....# #.#.#
>#..##.#....o#####.#.#
.#..##.# #...bo)@..#.#
.#..##.#....########.#
.#..##.#.... #.#
.#...#.#...= #.#
.#.#.#.###.# #.# .#
#.# #. #.#
######.#.#.# #.#
...)...#.#.# #.#
.#######.#.# #.#


You could see an orc priest, an orc and a bat.


Message History

The orc wizard is moderately wounded.
The orc wizard hits you but does no damage.
You hit the orc wizard but do no damage.
The orc wizard is moderately wounded.
The orc wizard casts a spell at you. The puff of flame hits you.
You hit the orc wizard.
The orc wizard is heavily wounded.
The orc wizard points at you and mumbles some strange words.
The puff of flame hits you.
* * * LOW HITPOINT WARNING * * *
You closely miss the orc wizard.
The orc wizard is heavily wounded.
The orc wizard completely misses you.
You hit the orc wizard.
The orc wizard is severely wounded.
The orc wizard hits you but does no damage.
Unknown command.
You puncture the orc wizard!
You kill the orc wizard!
You have reached level 5!
You hit the orc.
The orc is almost dead.
The orc hits you with a +0 flail.
* * * LOW HITPOINT WARNING * * *
You puncture the orc!
You kill the orc!
The orc priest invokes the aid of Beogh against you.
Beogh smites you!
You die...

Skill      XL: |  1  2  3  4 |
---------------+-------------+-----
Invocations    | 1 |  1.4
Long Blades    | 1 |  1.3
Axes           | 1 |  1.3
Maces & Flails | 1 |  1.3
Polearms       | 1 |  1.3
Staves         | 1 |  1.3
Slings         | 1 |  1.3
Bows           | 1 |  1.3
Armour         | 1 |  1.3
Unarmed Combat | 1 |  1.3
Spellcasting   | 1 |  1.3
Evocations     | 1 |  1.3
Conjurations   | 1 |  1.0
Hexes          | 1 |  1.0
Summonings     | 1 |  1.0
Necromancy     | 1 |  1.0
Translocations | 1 |  1.0
Transmutations | 1 |  1.0
Fire Magic     | 1 |  1.0
Ice Magic      | 1 |  1.0
Air Magic      | 1 |  1.0
Earth Magic    | 1 |  1.0
Poison Magic   | 1 |  1.0
Fighting       | |  4.7
Short Blades   | |  4.7
Crossbows      | |  2.8
Throwing       | |  2.8
Dodging        | |  4.7
Stealth        | |  2.6
Shields        | |  2.8

Action                   |  1- 3 |  4- 6 || total
-------------------------+-------+-------++-------
Melee: Short sword       |    83 |    43 ||   126
       Bite              |     9 |       ||     9
  Use: Scroll            |     2 |       ||     2
 Stab: Sleeping          |     9 |     1 ||    10
Armor: Leather armour    |    17 |    11 ||    28
Dodge: Dodged            |    38 |    21 ||    59

Levels and vault maps discovered:
D:1:      lemuel_arrival_behind_the_door_small, layout_basic, st_stairs_7,
          minmay_pentomino_u2
D:2:      layout_basic
D:3:      layout_basic, lemuel_doored_altar, cheibriados_altar_1, uniq_jessica,
          uniq_terence

Notes
Turn   | Place    | Note
-------+----------+-------------------------------------------
     0 | D:1      | Dracia the Gnoll Wanderer began the quest for the Orb.
     0 | D:1      | Dracia set off with the following items: a +2 short sword,
                  | 2 potions of curing {@q1@q1}, a +0 robe
     0 | D:1      | Reached XP level 1. HP: 20/20 MP: 1/1
   182 | D:1      | Reached XP level 2. HP: 26/26 MP: 2/2
   361 | D:1      | Reached XP level 3. HP: 31/31 MP: 3/3
   731 | D:2      | Reached skill level 1 in Invocations
   975 | D:2      | Reached skill level 1 in Long Blades
   975 | D:2      | Reached skill level 1 in Axes
   975 | D:2      | Reached skill level 1 in Maces & Flails
   975 | D:2      | Reached skill level 1 in Polearms
   975 | D:2      | Reached skill level 1 in Staves
   975 | D:2      | Reached skill level 1 in Slings
   975 | D:2      | Reached skill level 1 in Bows
   975 | D:2      | Reached skill level 1 in Armour
   975 | D:2      | Reached skill level 1 in Unarmed Combat
   975 | D:2      | Reached skill level 1 in Spellcasting
   975 | D:2      | Reached skill level 1 in Evocations
  1120 | D:2      | Reached XP level 4. HP: 38/38 MP: 5/5
  1703 | D:3      | Reached skill level 1 in Conjurations
  1703 | D:3      | Reached skill level 1 in Hexes
  1703 | D:3      | Reached skill level 1 in Summonings
  1703 | D:3      | Reached skill level 1 in Necromancy
  1703 | D:3      | Reached skill level 1 in Translocations
  1703 | D:3      | Reached skill level 1 in Transmutations
  1703 | D:3      | Reached skill level 1 in Fire Magic
  1703 | D:3      | Reached skill level 1 in Ice Magic
  1703 | D:3      | Reached skill level 1 in Air Magic
  1703 | D:3      | Reached skill level 1 in Earth Magic
  1703 | D:3      | Reached skill level 1 in Poison Magic
  1719 | D:3      | Reached XP level 5. HP: 18/43 MP: 6/6
  1720 | D:3      | Killed from afar by an orc priest

Vanquished Creatures
  An orc wizard (D:3)
  3 adders (D:2)
  A worm (D:2)
  A dart slug (D:2)
  A leopard gecko (D:1)
  5 orcs (D:3)
  6 bats
  4 giant cockroaches
  6 goblins (D:1)
  5 hobgoblins
  7 frilled lizards
  4 kobolds
  8 rats (D:1)
52 creatures vanquished.

Table legend: (Time is in decaauts)
 A = Elapsed time spent in this place.
 B = Non-inter-level travel time spent in this place.
 C = Inter-level travel time spent in this place.
 D = Time resting spent in this place.
 E = Time spent auto-exploring this place.
 F = Levels seen in this place.
 G = Mean time per level.
                   A        B        C        D        E       F      G
               +--------+--------+--------+--------+--------+-----+--------+
         Total |   1702 |   1658 |     44 |    163 |   1186 |   3 |  567.3 |
       Dungeon |   1702 |   1658 |     44 |    163 |   1186 |   3 |  567.3 |
               +--------+--------+--------+--------+--------+-----+--------+

Top non-repeatable levels by time:
     D:2: 768 daAuts
     D:1: 664 daAuts
     D:3: 268 daAuts

Table legend:
 A = Non-vault XP
 B = Vault XP
 C = Vault XP percentage of total XP
 D = Non-vault monster count
 E = Vault monster count
 F = Vault count percentage of total count
                 A         B        C        D         E       F
            +---------+---------+-------+---------+---------+-------
      Total |     164 |       8 |   4.7 |      47 |       5 |   9.6
            +---------+---------+-------+---------+---------+-------
        D:1 |      38 |       8 |  17.4 |      24 |       5 |  17.2
        D:2 |      65 |       0 |   0.0 |      15 |       0 |   0.0
        D:3 |      61 |       0 |   0.0 |       8 |       0 |   0.0
            +---------+---------+-------+---------+---------+-------
